 Dungeon Crawl Stone Soup version 0.26.0-16-gc1dbca0489 (webtiles) character file.

Game seed: 15496243930432896976

35 kaeus the Skirmisher (level 3, 0/29 HPs)
             Began as a Demonspawn Berserker on Jan 19, 2021.
             Was an Initiate of Trog.
             Slain by a jackal (2 damage)
             ... on level 1 of the Dungeon.
             The game lasted 00:02:48 (1186 turns).

kaeus the Skirmisher (Demonspawn Berserker)         Turns: 1186, Time: 00:02:49

Health: 0/29       AC:  2    Str: 18    XL:     3   Next: 17%
Magic:  3/3        EV: 12    Int:  8    God:    Trog [......]
Gold:   18         SH:  0    Dex: 12    Spells: 2/2 levels left

rFire    . . .     SeeInvis .   g - +2 hand axe (pain)
rCold    + . .     Faith    .   (no shield)
rNeg     . . .     Spirit   .   b - +0 animal skin
rPois    .         Reflect  .   (no helmet)
rElec    .         Harm     .   (no cloak)
rCorr    .         Rampage  .   (no gloves)
Will     .....                  (no boots)
Stlth    +.........             j - amulet of regeneration
HPRegen  0.49/turn              c - ring of protection from cold
MPRegen  0.08/turn              (no ring)

@: no status effects
A: claws 2
a: Renounce Religion


You were on level 1 of the Dungeon.
You worshipped Trog.
Trog was noncommittal.
You visited 1 branch of the dungeon, and saw 1 of its levels.

You collected 18 gold pieces.

Inventory:

Hand Weapons
 a - a +0 hand axe
 g - a +2 hand axe of pain (weapon)
Armour
 b - a +0 animal skin (worn)
Jewellery
 c - a ring of protection from cold (left claw)
 j - an amulet of regeneration (around neck)
Scrolls
 d - a scroll of amnesia {unknown}
 e - a scroll of enchant weapon {unknown}
 f - a scroll of magic mapping {unknown}
 i - a scroll of immolation {unknown}
Potions
 h - a potion of mutation {unknown}
 k - a potion of curing {unknown}


   Skills:
 + Level 3.3 Fighting
 + Level 3.0 Axes
 + Level 2.2 Armour
 + Level 2.2 Dodging


You had 2 spell levels left.
You didn't know any spells.
Your spell library was empty.

Dungeon Overview and Level Annotations

Branches:
Dungeon (1/15)

Altars:


Innate Abilities, Weirdness & Mutations

You have very sharp fingernails.


Message History

You feel guilty.
You hit the jackal but do no damage. The jackal closely misses you.
The gnoll hits you from afar with a +0 spear.
* * * LOW HITPOINT WARNING * * *
The jackal closely misses you.
You barely miss the jackal. The jackal bites you.
* * * LOW HITPOINT WARNING * * *
The gnoll closely misses you.
Trog doesn't appreciate your use of wizardly items!
You feel guilty.
You hit the jackal.
The jackal is moderately wounded.
The jackal bites you.
* * * LOW HITPOINT WARNING * * *
The gnoll hits you from afar with a +0 spear.
* * * LOW HITPOINT WARNING * * *
The jackal barely misses you.
You closely miss the jackal.
The jackal is moderately wounded.
The jackal bites you.
You die...

#†# #.# #.###.#######.#.
######.###.# #.#...........#.
........##.# #......######.#.
######.†##.# ###.##.# #.## #
#..##.# #....## #.# # #h.##.#
#######.#...#####.# ######..#
..................#
.....#..############.#.#.#####.#
.....#........gh@....#.#.## #.#
.....##(###########..#.#..####.#
##...##†# #..#.......#(# #...##.#
#..####.##.#.# #...##.###### #..#
#..#.#.# #...........#
#..#####.#.#.#
#.#.##############.....##.#.#.#
#..... .......)##.##...#.#
####.###############.##.###..#.##


You could see a gnoll and a jackal.

Vanquished Creatures
  2 dart slugs (D:1)
  A leopard gecko (D:1)
  2 bats (D:1)
  2 giant cockroaches (D:1)
  A goblin (D:1)
  2 hobgoblins (D:1)
  6 jackals (D:1)
  2 ball pythons (D:1)
  2 frilled lizards (D:1)
  3 kobolds (D:1)
  7 rats (D:1)
30 creatures vanquished.

Notes
Turn   | Place    | Note
-------+----------+-------------------------------------------
     0 | D:1      | kaeus the Demonspawn Berserker began the quest for the Orb.
     0 | D:1      | Reached XP level 1. HP: 18/18 MP: 1/1
    56 | D:1      | Gained mutation: You have sharp fingernails. [demonic
                  | ancestry]
    56 | D:1      | Reached XP level 2. HP: 7/24 MP: 2/2
  1116 | D:1      | Gained mutation: You have very sharp fingernails. [demonic
                  | ancestry]
  1116 | D:1      | Reached XP level 3. HP: 29/29 MP: 3/3
  1186 | D:1      | Slain by a jackal

Illustrated notes

Levels and vault maps discovered:
D:1:      dpeg_arrival_houses_and_road, layout_basic, minmay_tripent

Skill      XL: |  1  2 |
---------------+-------+-----
Armour         | 2 |  2.2
Dodging        | 2 |  2.2
Axes           | 3 |  3.0
Fighting       | |  3.3

Action                   || total
-------------------------++-------
Melee: Hand axe          ||    92
 Stab: Sleeping          ||     3
Armor: Animal skin       ||    20
Dodge: Dodged            ||    80
